 Dungeon Crawl Stone Soup version 0.30-a0-860-g512cf1e979 (webtiles) character file.

Game seed: 12715344069666427109

680 jimonade the Magician (level 7, -3/49 HPs)
             Began as a Djinni Warper on Mar 7, 2023.
             Killed by divine providence
             ... invoked by an orc priest
              (14 damage)
             ... on level 6 of the Dungeon.
             The game lasted 00:07:47 (5187 turns).

jimonade the Magician (Djinni Warper)               Turns: 5187, Time: 00:07:48

Health: -3/49      AC:  3    Str: 12    XL:     7   Next: 92%
Gold:   374        EV: 16    Int: 15    God:
                   SH:  0    Dex: 12

rFire   + + .      SeeInvis .    a - +1 dagger (holy)
rCold   x . .      Faith    .    (no shield)
rNeg    . . .      Spirit   .    b - +0 leather armour
rPois   ∞          Reflect  .    (no helmet)
rElec   .          Rampage  .    (no cloak)
rCorr   .                        (no gloves)
Will    .....                    (boots unavailable)
Stlth   +                        q - amulet of the acrobat
HPRegen 0.28/turn                j - +5 ring of evasion
MPRegen 0.00/turn                (no ring)

@: flying
A: sickness immunity, fire resistance 2, cold vulnerability 1, float, innate
caster, HP casting, extra vitality 1
a: no special abilities


You were on level 6 of the Dungeon.
You visited 1 branch of the dungeon, and saw 6 of its levels.

You collected 374 gold pieces.

Inventory:

Hand Weapons
 a - a +1 dagger of holy wrath (weapon)
 p - a +0 spear
 F - a +0 quarterstaff
 G - a +0 hand crossbow
Missiles
 d - 7 boomerangs of dispersal
 e - 2 curare-tipped darts
 f - 10 javelins
 s - 7 boomerangs
 A - 5 poisoned darts
Armour
 b - a +0 leather armour (worn)
 r - a +0 kite shield
 t - a +0 chain mail
 B - a +0 ring mail
Jewellery
 j - a +5 ring of evasion (left hand)
 q - an amulet of the acrobat (around neck)
Scrolls
 c - 2 scrolls of blinking
 g - 3 scrolls of identify {unknown}
 h - 3 scrolls of teleportation {unknown}
 i - 2 scrolls of poison {unknown}
 k - 2 scrolls of immolation {unknown}
 l - 2 scrolls of noise {unknown}
 u - 4 scrolls of enchant weapon {unknown}
 y - a scroll of fear {unknown}
 E - a scroll of acquirement {unknown}
 H - a scroll of amnesia {unknown}
Potions
 m - 7 potions of curing
 n - a potion of might {unknown}
 o - 2 potions of lignification {unknown}
 v - a potion of flight {unknown}
 w - a potion of cancellation {unknown}
 x - 2 potions of heal wounds {unknown}
 z - a potion of degeneration {unknown}
 C - a potion of haste {unknown}
 D - a potion of brilliance {unknown}


   Skills:
 - Level 2.0 Fighting
 - Level 1.5 Polearms
 - Level 0.7 Throwing
 - Level 1.0 Armour
 - Level 2.1 Dodging
 + Level 6.7 Spellcasting


You knew the following spells:

 Your Spells              Type           Power      Damage    Failure   Level
a - Blink                 Tloc           50%        N/A       1%          2
b - Lesser Beckoning      Tloc           50%        N/A       1%          2
c - Vhi's Electric Charg  Tloc/Air       50%        N/A       3%          3
d - Teleport Other        Tloc           25%        N/A       3%          3
e - Manifold Assault      Tloc           25%        N/A       11%         4
f - Necrotise             Necr           100%       1d9       1%          1
g - Scorch                Fire           50%        2d8       1%          2
h - Hailstorm             Conj/Ice       25%        3d7       3%          3
Your spell library was empty.

Dungeon Overview and Level Annotations

Branches:
Dungeon (6/15)
 Temple: D:4-7

Altars:
Dithmenos


Innate Abilities, Weirdness & Mutations

You are immune to sickness and miasma.
You are immune to poison.
Your flesh is very heat resistant. (rF++)
You are vulnerable to cold. (rC-)
You float through the air rather than walking.
You learn spells naturally, not from books.
Your magical power is your life essence.
You have superior vitality. (+4 MHP)


Message History

You kill the orc!
Flames lash the orc.
You kill the orc!
Flames lash the orc warrior.
The orc warrior is moderately wounded.
The orc warrior's fire resistance burns away.
Flames lash the orc warrior but do no damage.
The orc warrior hits you with a +0 scimitar.
Flames lash the orc warrior.
The orc warrior is burned terribly!
The orc warrior is moderately wounded.
The orc priest calls upon Beogh to heal the orc warrior.
The orc warrior is healed somewhat.
The orc warrior misses you.
Flames lash the orc warrior but do no damage.
The orc warrior barely misses you.
Flames lash the orc priest.
The orc priest is severely wounded.
The orc priest's fire resistance burns away.
The orc warrior hits you with a +0 scimitar!
* * * LOW HITPOINT WARNING * * *
You are too injured to fight recklessly!
You are too injured to fight recklessly!
The orc priest mumbles some strange prayers to Beogh against you.
Beogh smites you!
* * * LOW HITPOINT WARNING * * *
The orc priest miscasts a cantrip.
Casting: Scorch (safe; 1% risk of failure)
Confirm with . or Enter, or press ? or * to list all spells.
You don't have enough health to cast this spell.
Unknown command.
Unknown command.
Casting: Scorch (safe; 1% risk of failure)
Confirm with . or Enter, or press ? or * to list all spells.
You don't have enough health to cast this spell.
Unknown command.
Unknown command.
It was a potion of curing.
You feel better.
The orc warrior is no longer more vulnerable to fire.
The orc priest invokes the aid of Beogh against you.
Beogh smites you!
You die...

#...#.# #.#o#.#
#.....# #o# #.#
#.# ######.#
########.ohl)o#
#.......@######
###.#####..#
#.###..........#
#..........##..#
#####...##.....#
###<#####.##
#.......#
#.......#
#########


You could see an orc warrior, an iguana, a hound and an orc priest
(combustible).

Vanquished Creatures
  An ogre (D:4)
  A centaur (D:5)
  2 phantoms
  A wight (D:5)
  An orc priest (D:3)
  2 hounds (D:5)
  3 orc wizards
  6 adders
  An ufetubus (D:5)
  2 worms (D:4)
  3 dart slugs
  12 orcs
  8 ball pythons
  4 bats
  6 endoplasms
  A giant cockroach (D:2)
  6 goblins
  5 hobgoblins
  6 jackals
  3 frilled lizards
  7 kobolds
  4 rats
85 creatures vanquished.

Vanquished Creatures (collateral kills)
  A giant cockroach (D:3)
  A rat (D:3)
2 creatures vanquished.

Grand Total: 87 creatures vanquished

Notes
Turn   | Place    | Note
-------+----------+-------------------------------------------
     0 | D:1      | jimonade the Djinni Warper began the quest for the Orb.
     0 | D:1      | jimonade set off with the following spells memorised:
                  | Blink, Lesser Beckoning, Vhi's Electric Charge, Teleport
                  | Other, Manifold Assault.
     0 | D:1      | Reached XP level 1. HP: 18/18 MP: 0/0
   199 | D:1      | Reached XP level 2. HP: 17/23 MP: 0/0
   661 | D:1      | Reached skill level 3 in Spellcasting
   902 | D:1      | Reached XP level 3. HP: 9/28 MP: 0/0
   902 | D:1      | Learned a level 1 spell: Necrotise
  1564 | D:2      | Reached XP level 4. HP: 32/33 MP: 0/0
  2105 | D:3      | Found a shadowy altar of Dithmenos.
  2329 | D:3      | Reached skill level 4 in Spellcasting
  2329 | D:3      | Reached XP level 5. HP: 24/38 MP: 0/0
  2329 | D:3      | Learned a level 2 spell: Scorch
  2769 | D:3      | Found a faded altar of an unknown god.
  3166 | D:4      | Noticed an ogre
  3187 | D:4      | Killed an ogre
  3188 | D:4      | Reached XP level 6. HP: 37/43 MP: 0/0
  3305 | D:4      | Reached skill level 5 in Spellcasting
  4128 | D:5      | Entered Level 5 of the Dungeon
  4292 | D:5      | Reached XP level 7. HP: 45/49 MP: 0/0
  4292 | D:5      | Learned a level 3 spell: Hailstorm
  4418 | D:5      | Reached skill level 6 in Spellcasting
  5184 | D:6      | HP: 2/49 [orc priest/divine providence (8)]
  5187 | D:6      | Killed from afar by an orc priest

Illustrated notes

Levels and vault maps discovered:
D:1:      nzn_arrival_crosshair, layout_loops_ring,
          wander_ebering_terrifying_dragon_lair
D:2:      layout_basic, basic_altar, hex_medium, minmay_box_of_dots
D:3:      layout_loops_ring, nicolae_dithmenos_the_darkroom,
          shapermc_ecumenical_altar_totnotflames
D:4:      layout_basic
D:5:      layout_basic
D:6:      layout_loops_cross, lemuel_crystal_altar, nicolae_shop_gadgets,
          uniq_eustachio

Skill      XL: |  1  2  3  4  5  6  7 |
---------------+----------------------+-----
Spellcasting   | 3 4 5 6 |  6.7
Fighting       | |  2.0
Polearms       | |  1.5
Throwing       | |  0.7
Armour         | |  1.0
Dodging        | |  2.1

Action                     |  1- 3 |  4- 6 |  7- 9 || total
---------------------------+-------+-------+-------++-------
  Melee: Spear             |    75 |       |       ||    75
         Dagger            |    12 |     5 |     2 ||    19
   Cast: Necrotise         |    25 |    42 |       ||    67
         Scorch            |       |    51 |    30 ||    81
         Blink             |       |     1 |       ||     1
         Hailstorm         |       |       |     1 ||     1
         Vhi's Electric Ch |       |       |     1 ||     1
    Use: Potion            |       |       |     1 ||     1
 Armour: Leather armour    |    22 |     4 |       ||    26
  Dodge: Dodged            |    51 |    36 |    17 ||   104

Table legend: (Time is in decaauts)
 A = Elapsed time spent in this place.
 B = Non-inter-level travel time spent in this place.
 C = Inter-level travel time spent in this place.
 D = Time resting spent in this place.
 E = Time spent auto-exploring this place.
 F = Levels seen in this place.
 G = Mean time per level.
                   A        B        C        D        E       F      G
               +--------+--------+--------+--------+--------+-----+--------+
         Total |   5189 |   4938 |    251 |    137 |   4083 |   6 |  864.8 |
       Dungeon |   5189 |   4938 |    251 |    137 |   4083 |   6 |  864.8 |
               +--------+--------+--------+--------+--------+-----+--------+

Top non-repeatable levels by time:
     D:4: 1118 daAuts
     D:2: 1117 daAuts
     D:5: 1014 daAuts
     D:3: 1005 daAuts
     D:1: 889 daAuts
     D:6: 44 daAuts
